 Dungeon Crawl Stone Soup version 0.16.1-12-gf5c4a84 (webtiles) character file.

84 bloodandbone the Grasshopper (level 4, -8/30 HPs)
             Began as an Octopode Warper on Apr 10, 2015.
             Mangled by an ogre
             ... wielding a +0 giant spiked club
              (26 damage)
             ... on level 4 of the Dungeon.
             The game lasted 00:04:26 (1572 turns).

bloodandbone the Grasshopper (Octopode Warper)      Turns: 1572, Time: 00:04:26

Health: -8/30      AC:  3    Str: 10    XL:     4   Next: 45%
Magic:  4/7        EV: 13    Int: 15    God:
Gold:   112        SH:  0    Dex: 12    Spells: 3 memorised, 2 levels left

rFire  . . .     SeeInvis .     a - +0 short sword
rCold  . . .     Clarity  .     (no shield)
rNeg   . . .     SustAb   .     (helmet restricted)
rPois  .         Gourm    .     (no amulet)
rElec  .         Spirit   .     b - +2 ring of protection
rCorr  .         Warding  .     (no ring)
rMut   .         Stasis   .     (no ring)
MR     .....                    (no ring)
Stlth  +++.......               (no ring)
                                (no ring)
                                (no ring)
                                (no ring)

@: not resistant to hostile enchantments, fairly stealthy
A: almost no armour, amphibious, 8 rings, constrict 8, camouflage 1, gelatinous
body 1
a: no special abilities


You were on level 4 of the Dungeon.
You were not hungry.

You visited 1 branch of the dungeon, and saw 4 of its levels.

You collected 112 gold pieces.

Inventory:

Hand weapons
 a - a +0 short sword (weapon)
Missiles
 n - 14 poisoned needles
 s - 6 needles of sleeping
Jewellery
 b - a +2 ring of protection (left tentacle)
Magical devices
 u - a wand of digging (10)
Scrolls
 d - a scroll of blinking
 j - a scroll of remove curse
 k - 2 scrolls of identify {unknown}
 m - a scroll of enchant weapon {unknown}
 o - 2 scrolls of random uselessness {unknown}
 q - 3 scrolls of fear {unknown}
 t - 2 scrolls of immolation {unknown}
Potions
 g - a potion of cancellation {unknown}
 l - a potion of brilliance {unknown}
 p - 3 potions of curing {unknown}
 r - a potion of restore abilities {unknown}
Books
 c - a book of Spatial Translocations

   Spells                             Type                      Level
   a - Apportation                    Translocation                1
   b - Blink                          Translocation                2
   c - Shroud of Golubria             Charms/Translocation         2
   d - Portal Projectile              Translocation                3
   e - Teleport Other                 Translocation                3
   f - Passage of Golubria            Translocation                4
Comestibles
 f - 2 bread rations
 h - a royal jelly
 i - a meat ration


   Skills:
 + Level 2.4 Fighting
 + Level 2.5 Short Blades
 + Level 1.0 Throwing
 * Level 3.3 Dodging
 * Level 1.5 Stealth
 + Level 2.0 Spellcasting
 + Level 3.6 Translocations


You had 2 spell levels left.
You knew the following spells:

 Your Spells              Type           Power        Failure   Level  Hunger
a - Apportation           Tloc           ##........   6%          1    #......
b - Shroud of Golubria    Chrm/Tloc      #.........   17%         2    ###....
c - Blink                 Tloc           N/A          10%         2    ###....


Dungeon Overview and Level Annotations

Branches:
Dungeon (4/15)
 Temple: D:4-7

Altars:

Annotations:
D:3 digdugdiggy's ghost, average OpCj


Innate Abilities, Weirdness & Mutations

You cannot wear most types of armour.
You are amphibious.
You can wear up to eight rings at the same time.
You can use your tentacles to constrict many enemies at once.
Your skin changes colour to match your surroundings (Stealth).
Your rubbery body absorbs attacks (AC +1).


Message History

The ogre is heavily wounded.
The ogre closely misses you.
You hit the ogre.
The ogre is severely wounded.
The ogre misses you.
You hit the ogre.
The ogre is almost dead.
You hit the ogre.
The ogre is almost dead.
The ogre barely misses you.
You hit the ogre.
The ogre is almost dead.
The ogre barely misses you.
You barely miss the ogre.
The ogre is almost dead.
You hit the ogre but do no damage.
The ogre is almost dead.
The ogre hits you with a giant spiked club!!
Ouch! That really hurt!
You die...

..# ....#
...#.
.......
♣♣..#..#
P..#..#
..#.h#
#.#..#
#@#..#
♣##O#..#
#..o...#
.#.#.#.##
♣..#.......+
#..###...###
#....#..##
#....#..#
#....#..#


You could see an ogre and an orc.

Vanquished Creatures
  Terence (D:3)
  2 adders
  A worm (D:2)
  3 giant geckos
  A giant cockroach (D:1)
  4 hobgoblins
  9 kobolds
  A quokka (D:2)
  8 bats
  3 giant newts
  4 goblins (D:2)
  5 jackals (D:1)
  8 rats
50 creatures vanquished.

Notes
Turn   | Place    | Note
--------------------------------------------------------------
     0 | D:1      | bloodandbone, the Octopode Warper, began the quest for the Orb.
     0 | D:1      | Reached XP level 1. HP: 14/14 MP: 3/3
   123 | D:1      | Reached XP level 2. HP: 16/19 MP: 4/4
   561 | D:2      | Reached XP level 3. HP: 24/24 MP: 6/6
  1070 | D:2      | Reached skill level 1 in Stealth
  1070 | D:2      | Reached XP level 4. HP: 30/30 MP: 7/7
  1312 | D:3      | Noticed Terence
  1319 | D:3      | Killed Terence
  1377 | D:2      | Learned a level 2 spell: Shroud of Golubria
  1380 | D:2      | Learned a level 2 spell: Blink
  1524 | D:3      | Noticed digdugdiggy's ghost (average OpCj)
  1538 | D:4      | Noticed an ogre
  1572 | D:4      | Mangled by an ogre

Action                   |  1- 3 |  4- 6 || total
-------------------------+-------+-------++-------
Melee: Short sword       |    91 |    43 ||   134
Throw: Tomahawk          |       |     5 ||     5
 Cast: Shroud of Golubri |       |     2 ||     2
       Blink             |       |     1 ||     1
  Use: Scroll            |       |     2 ||     2
 Stab: Sleeping          |     2 |     2 ||     4
  Eat: Fruit             |       |     2 ||     2
       Chunk             |       |     1 ||     1
